 Dungeon Crawl Stone Soup version 0.25-a0-566-g062765be81 (webtiles) character file.

Game seed: 10988482491446009745, levelgen mode: deterministic

216871 Flugslaktarn the Severer (level 17, -4/165 HPs)
             Began as a Deep Dwarf Fighter on Feb 27, 2020.
             Was the Champion of Makhleb.
             Slain by a vault guard
             ... wielding a +0 war axe
              (9 damage)
             ... on level 5 of the Vaults.
             The game lasted 00:19:03 (17467 turns).

Flugslaktarn the Severer (Deep Dwarf Fighter)      Turns: 17467, Time: 00:19:04

Health: -4/165     AC: 31    Str: 26    XL:     17   Next: 92%
Magic:  4/4        EV:  8    Int: 12    God:    Makhleb [******]
Gold:   5270       SH: 14    Dex: 12    Spells: 16/16 levels left

rFire    + . .     SeeInvis .   E - +6 broad axe (vorpal)
rCold    + . .     Gourm    .   c - +0 kite shield
rNeg     + . .     Faith    +   H - +3 plate armour of Boci Dau {MR++ Stlth-}
rPois    .         Spirit   .   s - +2 hat
rElec    .         Reflect  .   Y - scarf {rC+ rF+}
rCorr    .         Harm     .   D - +1 pair of gloves
MR       +++++                  R - +2 pair of boots
Stlth    ..........             S - amulet of faith
HPRegen  0.00/turn              Q - ring "Vecics" {+Inv rF- AC+3 Int+2}
MPRegen  0.09/turn              f - ring of protection from fire

@: mighty, lethally poisoned (-4 -> -12), non-regenerating, hasted and slowed,
lightly drained
A: damage resistance, heal wounds, low mp 1, magic resistance 1, negative energy
resistance 1, sense surroundings 2, no regeneration
}: 2/15 runes: decaying, gossamer
a: Heal Wounds, Minor Destruction, Lesser Servant of Makhleb, Major Destruction,
Greater Servant of Makhleb, Renounce Religion, Evoke Invisibility


You were on level 5 of the Vaults.
You worshipped Makhleb.
Makhleb was exalted by your worship.
You were hungry.

You visited 5 branches of the dungeon, and saw 32 of its levels.
You also visited: Sewer, Bailey, Gauntlet and Ice Cave.

You collected 5270 gold pieces.

Inventory:

Hand Weapons
 E - a +6 vorpal broad axe (weapon)
   (You took it off an orc warrior in a bailey)
Missiles
 F - 2 throwing nets (quivered)
Armour
 c - a +0 kite shield (worn)
 s - a +2 hat (worn)
   (You found it on level 5 of the Dungeon)
 B - a +2 plate armour of poison resistance
   (You took it off an orc warlord in a bailey)
 C - a +1 cloak of magic resistance
   (You took it off Maurice on level 12 of the Dungeon)
 D - a +1 pair of gloves (worn)
   (You found it on level 9 of the Dungeon)
 H - the +3 plate armour of Boci Dau (worn) {MR++ Stlth-}
   (You found it on level 13 of the Dungeon)

   It affects your resistance to hostile enchantments.
   It makes you less stealthy.
   If you remove this armour, your AC will decrease by 20 (31 -> 11).
 R - a +2 pair of boots (worn)
   (You found it on level 15 of the Dungeon)
 Y - a scarf of resistance (worn)
   (You found it on level 13 of the Dungeon)
Jewellery
 f - a ring of protection from fire (right hand)
   (You found it on level 11 of the Dungeon)
 i - an uncursed ring of see invisible
   (You found it in a Gauntlet)
 L - the ring of Unizxuff {*Tele rElec rN+++ Str-2 Stlth-}
   (You found it in a Gauntlet)

   [ring of teleportation]

   It may teleport you next to monsters.
   It affects your strength (-2).
   It insulates you from electricity.
   It renders you almost immune to negative energy.
   It makes you less stealthy.
 Q - the ring "Vecics" (left hand) {+Inv rF- AC+3 Int+2}
   (You found it in a bailey)

   [ring of protection]

   It affects your AC (+3).
   It affects your intelligence (+2).
   It makes you vulnerable to fire.
   It lets you turn invisible.
 S - an amulet of faith (around neck)
   (You found it in a Gauntlet)
 T - an uncursed amulet of harm {unknown}
   (You found it on level 4 of the Vaults)
Wands
 g - a wand of paralysis (4)
   (You took it off an orc wizard on level 8 of the Dungeon)
 l - a wand of scattershot (5)
   (You found it on level 7 of the Dungeon)
 v - a wand of digging (6)
   (You took it off Maurice on level 12 of the Dungeon)
 K - a wand of iceblast (4)
   (You found it on level 12 of the Dungeon)
 O - a wand of acid (15)
   (You found it on level 14 of the Dungeon)
 W - a wand of enslavement (10)
   (You found it on level 4 of the Spider Nest)
Scrolls
 b - 5 scrolls of magic mapping
 k - 11 scrolls of remove curse
 m - a scroll of holy word
 r - 6 scrolls of identify
 t - 3 scrolls of teleportation
 x - a scroll of enchant weapon
 z - 4 scrolls of blinking
 G - 4 scrolls of vulnerability
 M - 2 scrolls of fear
 P - 3 scrolls of brand weapon
 U - 6 scrolls of fog
 V - 2 scrolls of immolation
Potions
 d - 3 potions of might
 h - 4 potions of stabbing
 n - 2 potions of resistance
 o - 3 potions of cancellation
 p - a potion of berserk rage
 q - 6 potions of curing
 u - 3 potions of flight
 w - 7 potions of heal wounds
 A - 2 potions of brilliance
 I - a potion of magic
 J - 4 potions of ambrosia
Comestibles
 a - 10 chunks of flesh
 e - 32 rations


   Skills:
 + Level 13.9(13.6) Fighting
 - Level 18.0(17.7) Axes
 + Level 16.0(15.8) Armour
 + Level 16.0(15.7) Shields
 - Level 15.0(14.7) Invocations


You had 16 spell levels left.
You didn't know any spells.
Your spell library was empty.

Dungeon Overview and Level Annotations

Branches:
Dungeon (15/15)            Temple (0/1) D:4            Lair (4/6) D:9
  Swamp (4/4) Lair:4       Spider (4/4) Lair:3          Orc (0/2) D:10
 Vaults (5/5) D:13         Depths (0/5) D:15          Sewer (visited)
 Bailey (visited)           IceCv (visited)         Gauntlet (visited)
  Crypt: Vaults:2-3

Altars:
Cheibriados
Fedhas
Makhleb
Nemelex Xobeh
Qazlal
Uskayaw
Wu Jian
Xom
Yredelemnul
Zin
The Shining One

Shops:
D:5 *   D:14 *

Annotations:
D:12 3 runed translucent doors, Jimufa's ghost, journeyman DrCj
D:15 3 runed translucent doors, Ulomoc's ghost, journeyman DDFi
Swamp:2 3 runed translucent doors
Vaults:5 Saint Roka


Innate Abilities, Weirdness & Mutations

You are resistant to damage.
You can heal yourself by infusing magical energy.
You resist negative energy. (rN+)
You passively map the area around you.
You do not regenerate.
Your magical capacity is low. (-10% MP)
You are resistant to hostile enchantments. (MR+)


Message History

Beogh smites you!
* * * LOW HITPOINT WARNING * * *
You hear a shout! x2
You slice the ancient lich!!
The ancient lich is almost destroyed.
The vault guard blocks your attack.
You slash the freezing wraith! You slash the vault guard!
You hit the snapping turtle. You closely miss the tengu reaver.
You feel sick.
The freezing wraith hits you but does no damage.
You block the freezing wraith's attack.
The ancient lich touches you but does no damage.
You block the snapping turtle's attack.
The vault guard hits you but does no damage.
The tengu reaver hits you but does no damage.
The tengu reaver pecks you!
* * * LOW HITPOINT WARNING * * *
The tengu reaver claws you.
* * * LOW HITPOINT WARNING * * *
The vault guard hits you with a +0 war axe!
You die...

*, , #....#*
* * , ** * ,
, #....# ,
,*, * , *
#....#,, * ,
, *#....# ,,
, , * #....#
, ,, , , ,
#.*..# ,## ,,
* , ,*#...W#,
..### , * ,
#.*.p##......
, * *,
#.hQW@L# , ,
, , , ,,


#.ppptQ#* ** * , #....##.oOppo.. ,, # #....###p.poe.... , , * ..
#....###o.......... ,,H..#...p....##........ .........op.##########* ** * *
##...p.p....### * * ....pppo..o.... , , , You could see Saint Roka, an ancient
lich, 2 tengu reavers, 9 vault guards, a deep elf annihilator, a snapping turtle
shaped shifter, a freezing wraith, a wraith, a warg, 2 orc warriors, an ogre, 2
battlespheres and 2 orcs.

Vanquished Creatures
  Bai Suzhen (Vaults:4)
  Jorgrun (D:13)
  A sphinx (Vaults:2)
  4 thorn hunters
  Kirke (Swamp:1)
  3 ghost moths (Spider:4)
  A vault warden (Vaults:4)
  An orc warlord (Bailey)
  4 emperor scorpions (Spider:4)
  Louise (Swamp:3)
  2 ironheart preservers (Vaults:1)
  3 entropy weavers
  A reaper (IceCv)
  A deep elf annihilator (Vaults:1)
  A minotaur (Gauntlet)
  A deep elf death mage (Vaults:3)
  2 spark wasps (Spider:4)
  An ettin (Vaults:5)
  3 yaktaur captains
  A crystal guardian (Vaults:4)
  A fire dragon (Vaults:4)
  2 ogre magi (Vaults:1)
  2 great orbs of eyes
  An ice dragon (Vaults:3)
  3 shambling mangroves
  9 hydras
  3 vault guards (D:13)
  2 ghost crabs
  5 two-headed ogres
  Erica (Lair:2)
  6 alligators
  7 centaur warriors
  2 tengu warriors
  A hell hog (Gauntlet)
  6 death yaks (Lair:3)
  3 deep elf knights (Vaults:1)
  A spriggan berserker (Swamp:4)
  Sonja (Lair:2)
  4 skeletal warriors (D:12)
  4 unseen horrors
  An unseen horror (shapeshifter) (Vaults:2)
  6 swamp dragons
  3 deep elf archers
  Pikel (D:6)
  4 deep elf magi
  2 ironbrand convokers
  A wolf spider zombie (D:15)
  3 harpies (Vaults:4)
  22 ugly things
  21 wolf spiders
  5 orc knights
  19 orb spiders
  6 cyclopes
  A moth of wrath (Spider:4)
  Maurice (D:12)
  2 vault sentinels (Vaults:4)
  2 ice statues (IceCv)
  11 elephants (Lair:4)
  A centaur zombie (D:15)
  12 spiny frogs
  Psyche (D:8)
  2 gargoyles
  2 komodo dragons
  5 yaktaurs
  A tengu conjurer (D:15)
  3 efreet
  6 demonic crawlers
  9 ice devils (IceCv)
  A queen bee (shapeshifter) (D:13)
  8 tyrant leeches
  14 jumping spiders
  4 trolls
  Grinder (D:6)
  A tengu simulacrum (Vaults:1)
  A merfolk (shapeshifter) (Vaults:4)
  A polar bear (D:14)
  A hippogriff (shapeshifter) (D:15)
  15 blink frogs
  7 bog bodies
  18 hornets
  20 slime creatures
  7 hippogriffs
  A meliai zombie (D:15)
  18 tarantellas
  2 spriggans
  5 centaur simulacra
  2 shadows
  2 water elementals (D:14)
  2 wyverns
  54 redbacks
  2 wraiths
  32 yaks
  4 fire bats (Gauntlet)
  9 humans (D:13)
  2 basilisks
  5 hogs (Swamp:1)
  8 vampire mosquitoes
  3 hungry ghosts
  Grum (D:8)
  23 insubstantial wisps
  8 swamp worms
  5 acid dragons
  A hydra simulacrum (Gauntlet)
  2 soldier ants (D:10)
  28 orc warriors
  Duvessa (D:6)
  A hell hound (Gauntlet)
  7 water moccasins
  5 porcupines
  4 ice beasts
  3 sky beasts
  3 slaves (D:6)
  2 meliai simulacra (D:14)
  8 swamp drakes
  2 necrophages
  An eye of draining (D:11)
  17 wolves
  2 phantoms
  12 ogres
  16 centaurs
  12 crocodiles
  A big kobold (D:9)
  10 bullfrogs
  Dowan (D:6)
  A wyvern skeleton (D:10)
  5 killer bees (D:13)
  7 scorpions
  11 wights
  2 howler monkeys
  3 crimson imps
  3 wyvern simulacra (Gauntlet)
  7 hounds
  9 orc priests
  A bullfrog zombie (D:7)
  8 jellies
  A quasit (D:11)
  3 bullfrog skeletons
  5 centaur skeletons
  14 orc wizards
  7 iguanas
  10 worker ants
  A killer bee zombie (D:7)
  A bullfrog simulacrum (Gauntlet)
  3 hound zombies
  2 hound skeletons
  A howler monkey skeleton (D:4)
  10 adders
  11 gnolls
  A river rat (D:5)
  3 shadow imps
  13 white imps
  9 ufetubi (IceCv)
  2 oozes
  2 adder zombies
  3 adder skeletons
  4 worms
  A dart slug (D:1)
  4 leopard geckos
  90 orcs
  4 giant cockroaches
  14 goblins
  24 hobgoblins
  6 jackals
  3 quokkas
  3 ball pythons (D:5)
  11 bats
  3 frilled lizards
  6 kobolds
  5 rats
  8 briar patches (Swamp:2)
  2 plants (Lair:4)
1024 creatures vanquished.

Vanquished Creatures (collateral kills)
  3 hydras
  An orc knight (Bailey)
  A hobgoblin (Bailey)
5 creatures vanquished.

Vanquished Creatures (others)
  A ghost moth (Spider:4)
  A deep elf knight (Vaults:1)
  A swamp dragon (Swamp:3)
  A tengu conjurer (D:15)
  2 tyrant leeches
  A tarantella (Spider:4)
  A redback (Spider:4)
  An acid dragon (D:14)
  A soldier ant (shapeshifter) (Vaults:4)
  A swamp drake (Swamp:2)
  A white imp (IceCv)
  2 ufetubi (IceCv)
  3 briar patches (Swamp:4)
  5 fungi
  2 plants
  4 toadstools (D:13)
28 creatures vanquished.

Grand Total: 1057 creatures vanquished

Notes
Turn   | Place    | Note
-------+----------+-------------------------------------------
     0 | D:1      | Flugslaktarn the Deep Dwarf Fighter began the quest for the
                  | Orb.
     0 | D:1      | Reached XP level 1. HP: 20/20 MP: 1/1
    41 | D:1      | Reached XP level 2. HP: 21/27 MP: 2/2
   210 | D:2      | Found a burning altar of Makhleb.
   211 | D:2      | Found a shimmering altar of Xom.
   231 | D:2      | Reached skill level 3 in Axes
   231 | D:2      | Reached XP level 3. HP: 30/34 MP: 2/2
   233 | D:2      | Became a worshipper of Makhleb the Destroyer
   253 | D:2      | Noticed a +0 hand axe
   253 | D:2      | Noticed a +0 hand axe
   255 | D:2      | Found a hide-covered altar of Uskayaw.
   287 | D:3      | Found a stormy altar of Qazlal.
   512 | D:4      | Found a sparkling altar of Nemelex Xobeh.
   615 | D:4      | Reached skill level 1 in Invocations
   615 | D:4      | Reached XP level 4. HP: 34/42 MP: 3/3
   636 | D:4      | Found a staircase to the Ecumenical Temple.
   725 | D:4      | Reached XP level 5. HP: 36/49 MP: 5/5
   779 | D:4      | Found a blossoming altar of Fedhas.
   897 | D:4      | Reached skill level 4 in Axes
   900 | D:4      | Noticed an ogre
   910 | D:4      | Killed an ogre
   981 | D:4      | Reached XP level 6. HP: 46/56 MP: 5/5
  1089 | D:4      | Found a blossoming altar of Fedhas.
  1165 | D:5      | Entered Level 5 of the Dungeon
  1189 | D:5      | Reached * piety under Makhleb
  1385 | D:5      | Found a glowing drain.
  1407 | Sewer    | Entered a sewer
  1458 | Sewer    | Reached skill level 5 in Axes
  1581 | D:5      | Found Zin's Purification Station.
  1581 | D:5      | Found a glowing silver altar of Zin.
  1660 | D:5      | Reached XP level 7. HP: 44/63 MP: 7/7
  1675 | D:5      | Found a stormy altar of Qazlal.
  1721 | D:5      | Reached ** piety under Makhleb
  1742 | D:5      | Reached skill level 5 in Armour
  1742 | D:5      | Reached skill level 5 in Shields
  1998 | D:6      | Reached skill level 6 in Axes
  2008 | D:6      | Reached XP level 8. HP: 65/73 MP: 6/6
  2230 | D:6      | Gained mutation: You are resistant to hostile enchantments.
                  | (MR+) [potion of mutation]
  2230 | D:6      | Gained mutation: Your magical capacity is low. (-10% MP)
                  | [potion of mutation]
  2249 | D:6      | Found an ornate altar of the Wu Jian Council.
  2399 | D:6      | Noticed Pikel
  2426 | D:6      | Killed Pikel
  2426 | D:6      | Reached skill level 5 in Fighting
  2426 | D:6      | Reached skill level 7 in Axes
  2426 | D:6      | Reached skill level 5 in Invocations
  2443 | D:6      | Noticed Duvessa
  2451 | D:6      | Noticed Dowan
  2454 | D:6      | Killed Duvessa
  2467 | D:6      | Killed Dowan
  2515 | D:6      | Noticed Grinder
  2531 | D:6      | Killed Grinder
  2531 | D:6      | Reached skill level 8 in Axes
  2531 | D:6      | Gained mutation: You passively map the area around you.
                  | [Deep Dwarf growth]
  2531 | D:6      | Reached XP level 9. HP: 58/81 MP: 4/5
  2533 | D:6      | Got a translucent emerald amulet
  2534 | D:6      | Identified the amulet "Muteny" {Spirit rC+ Dex+5} (You
                  | found it on level 6 of the Dungeon)
  2715 | D:7      | Reached *** piety under Makhleb
  3197 | D:8      | Found a glowing golden altar of the Shining One.
  3212 | D:8      | Noticed Psyche
  3220 | D:8      | Killed Psyche
  3220 | D:8      | Reached skill level 9 in Axes
  3265 | D:8      | Found a snail-covered altar of Cheibriados.
  3363 | D:8      | Noticed Grum
  3423 | D:8      | Killed Grum
  3544 | D:8      | Killed an unseen horror
  3544 | D:8      | Reached XP level 10. HP: 65/91 MP: 0/7
  3608 | D:8      | Reached **** piety under Makhleb
  3608 | D:8      | Reached skill level 10 in Axes
  4130 | D:9      | You fall into a shaft and drop 1 floor!
  4130 | D:10     | Entered Level 10 of the Dungeon
  4136 | D:9      | Found a staircase to the Lair.
  4175 | D:9      | Reached skill level 11 in Axes
  4455 | D:9      | Reached ***** piety under Makhleb
  4839 | D:10     | Reached XP level 11. HP: 100/100 MP: 0/7
  4868 | D:10     | Noticed a two-headed ogre
  4876 | D:10     | Killed a two-headed ogre
  5039 | D:10     | Reached skill level 12 in Axes
  5125 | D:10     | Paralysed by a hornet for 3 turns
  5182 | D:10     | Found a staircase to the Orcish Mines.
  5478 | D:11     | Noticed a cyan ugly thing
  5495 | D:11     | Killed a cyan ugly thing
  5672 | D:11     | Found a snail-covered altar of Cheibriados.
  5692 | D:11     | Killed an unseen horror
  5782 | D:11     | Noticed an orc knight
  5849 | D:11     | Killed an orc knight
  6161 | D:11     | Noticed a five-headed hydra
  6167 | D:11     | Killed a five-headed hydra
  6167 | D:11     | Reached skill level 13 in Axes
  6215 | D:12     | Noticed a centaur warrior
  6218 | D:12     | Noticed Maurice
  6229 | D:12     | Noticed a two-headed ogre
  6231 | D:12     | Killed a centaur warrior
  6231 | D:12     | Reached skill level 10 in Armour
  6231 | D:12     | Reached skill level 10 in Shields
  6231 | D:12     | Reached XP level 12. HP: 95/112 MP: 0/5
  6241 | D:12     | Killed a two-headed ogre
  6252 | D:12     | Killed Maurice
  6264 | D:12     | Reached ****** piety under Makhleb
  6437 | D:12     | Found a shimmering altar of Xom.
  6628 | D:12     | Reached skill level 14 in Axes
  6737 | D:12     | Found a flagged portal.
  6747 | Bailey   | Entered a bailey
  7019 | Bailey   | Noticed an orc warlord
  7029 | Bailey   | Killed an orc warlord
  7099 | Bailey   | Got a faintly glowing bone ring
  7180 | Bailey   | Identified the ring "Vecics" {+Inv rF- AC+3 Int+2} (You
                  | found it in a bailey)
  7257 | D:12     | Found a runed translucent gate.
  7257 | D:12     | Found a runed translucent gate.
  7257 | D:12     | Found a runed translucent gate.
  7257 | D:12     | Noticed Jimufa's ghost (journeyman DrCj)
  7465 | D:13     | Noticed Jorgrun
  7504 | D:13     | Killed Jorgrun
  7504 | D:13     | Reached XP level 13. HP: 56/121 MP: 0/4
  7812 | D:13     | Reached skill level 15 in Axes
  7846 | D:13     | Found a gate to the Vaults.
  7858 | D:13     | Got a fine plate armour
  7869 | D:13     | Identified the +3 plate armour of Boci Dau {MR++ Stlth-}
                  | (You found it on level 13 of the Dungeon)
  7944 | D:13     | Found a basalt altar of Yredelemnul.
  8254 | D:13     | Reached skill level 10 in Fighting
  8642 | D:14     | Found a frozen archway.
  8686 | IceCv    | Entered an ice cave
  8846 | IceCv    | Noticed a reaper
  8864 | IceCv    | Killed a reaper
  8969 | D:14     | Reached skill level 16 in Axes
  8975 | D:14     | Gained mutation: You resist negative energy. (rN+) [Deep
                  | Dwarf growth]
  8975 | D:14     | Reached XP level 14. HP: 133/133 MP: 0/5
  9125 | D:14     | Found Bole's Blood Bar.
  9595 | D:15     | Entered Level 15 of the Dungeon
  9668 | D:15     | Found a runed translucent gate.
  9668 | D:15     | Found a runed translucent gate.
  9669 | D:15     | Found a runed translucent gate.
  9672 | D:15     | Noticed Ulomoc's ghost (journeyman DDFi)
  9673 | D:15     | Noticed a frost giant
  9674 | D:15     | Identified the ring of Daaf {Dex+3 Stlth-}
  9674 | D:15     | Noticed a fire giant
 10209 | D:15     | Identified 2 scrolls of acquirement
 10209 | D:15     | Identified the amulet of Scepticism {*Slow +Rage +Fly rF+
                  | SInv} (You acquired it on level 15 of the Dungeon)
 10211 | D:15     | Identified the amulet "Dackacyu" {+Rage +Inv rF- rN+} (You
                  | acquired it on level 15 of the Dungeon)
 10499 | D:15     | Found a staircase to the Depths.
 10641 | Lair:1   | Entered Level 1 of the Lair of Beasts
 10802 | Lair:2   | Found a gate leading to a gauntlet.
 10978 | Gauntlet | Entered a Gauntlet
 10978 | Gauntlet | Found a transporter.
 10978 | Gauntlet | Found a transporter.
 10982 | Gauntlet | Found a transporter.
 10982 | Gauntlet | Found a transporter.
 10991 | Gauntlet | Found a transporter.
 11012 | Gauntlet | Found a transporter.
 11020 | Gauntlet | Found a transporter.
 11020 | Gauntlet | Found a transporter.
 11038 | Gauntlet | Found a transporter.
 11039 | Gauntlet | Found the +5 demon whip "Spellbinder" {antimagic, MR+}
 11101 | Gauntlet | Found a transporter.
 11115 | Gauntlet | Found a transporter.
 11128 | Gauntlet | Found a transporter.
 11205 | Gauntlet | Found a transporter.
 11215 | Gauntlet | Found a transporter.
 11231 | Gauntlet | Found a transporter.
 11244 | Gauntlet | Found a transporter.
 11388 | Gauntlet | Got a warped jade ring
 11414 | Gauntlet | Reached skill level 17 in Axes
 11452 | Gauntlet | Got a smoking pewter amulet
 11461 | Gauntlet | Identified the ring of Unizxuff {*Tele rElec rN+++ Str-2
                  | Stlth-} (You found it in a Gauntlet)
 11462 | Gauntlet | Identified the amulet of Buez {Inacc rF+ rN+} (You found it
                  | in a Gauntlet)
 11482 | Gauntlet | Identified the Grimoire of Dislocated Cold
 11519 | Lair:2   | Noticed Sonja
 11755 | Lair:2   | Killed Sonja
 11894 | Lair:2   | Noticed Erica
 11901 | Lair:2   | Killed Erica
 12091 | Lair:3   | Found a hole to the Spider Nest.
 12114 | Spider:1 | Entered Level 1 of the Spider Nest
 12287 | Spider:2 | Reached XP level 15. HP: 142/142 MP: 0/6
 12500 | Spider:4 | Entered Level 4 of the Spider Nest
 12688 | Spider:4 | Reached skill level 18 in Axes
 12924 | Spider:4 | Killed a ghost moth
 13034 | Spider:4 | Reached skill level 10 in Invocations
 13038 | Spider:4 | Killed a ghost moth
 13045 | Spider:4 | Killed a ghost moth
 13455 | Spider:4 | Killed a ghost moth
 13480 | Spider:4 | Reached XP level 16. HP: 99/152 MP: 0/9
 13484 | Spider:4 | Got a gossamer rune of Zot
 14760 | Lair:4   | Found a staircase to the Swamp.
 14969 | Swamp:1  | Entered Level 1 of the Swamp
 14971 | Swamp:1  | You fall into a shaft and drop 1 floor!
 15025 | Swamp:1  | Noticed Kirke
 15070 | Swamp:1  | Killed Kirke
 15131 | Swamp:2  | Noticed a thorn hunter
 15154 | Swamp:2  | Killed a thorn hunter
 15198 | Swamp:2  | Noticed a thorn hunter
 15217 | Swamp:2  | Killed a thorn hunter
 15292 | Swamp:2  | Found a runed translucent gate.
 15292 | Swamp:2  | Found a runed translucent gate.
 15296 | Swamp:2  | Found a runed translucent gate.
 15405 | Swamp:3  | Noticed Louise
 15472 | Swamp:3  | Killed Louise
 15656 | Swamp:4  | Entered Level 4 of the Swamp
 15688 | Swamp:4  | Reached skill level 15 in Invocations
 15755 | Swamp:4  | Noticed a thorn hunter
 15779 | Swamp:4  | Killed a thorn hunter
 15779 | Swamp:4  | Reached XP level 17. HP: 162/162 MP: 0/7
 16003 | Swamp:4  | Got a decaying rune of Zot
 16057 | Swamp:4  | Reached skill level 15 in Armour
 16134 | Swamp:3  | Reached skill level 15 in Shields
 16388 | Vaults:1 | Entered Level 1 of the Vaults
 17129 | Vaults:3 | Found a glowing silver altar of Zin.
 17246 | Vaults:4 | Noticed Bai Suzhen
 17264 | Vaults:4 | Killed Bai Suzhen
 17443 | Vaults:5 | Entered Level 5 of the Vaults
 17443 | Vaults:5 | Noticed a quicksilver dragon
 17443 | Vaults:5 | Noticed Saint Roka
 17449 | Vaults:5 | Noticed an ancient lich
 17467 | Vaults:5 | HP: 8/165 [tengu reaver/+0 great mace (3)]
 17467 | Vaults:5 | Slain by a vault guard

Levels and vault maps discovered:
D:1:      lightli_arrival_chessboard, layout_rooms
D:2:      layout_basic, chequers_temple_overflow_statue_of_worship,
          dancing_weapons_uskayaw, minmay_pentomino_q2
D:3:      layout_basic, grunt_dithmenos_smoke, old_standard_altar,
          overflow_temple_1_default, led_sif_pool, bloody_makhleb
D:4:      layout_basic, nemelex_xobeh_ov_fountains_minmay,
          kennysheep_little_box, minmay_temple_entry_ruins, first_ration,
          ebering_dispersal_statue_hall, minmay_misc_feat_columns,
          nrook_mini_backslash, fedhas_ov_isle_minmay
D:5:      layout_gridville, zin_purify, portal_sewer_entry_e,
          grunt_qazlal_clouds
D:6:      layout_rooms, lemuel_round_altar, uniq_duvessa, uniq_pikel,
          uniq_grinder
D:7:      layout_rooms
D:8:      layout_loops_ring, overflow_temple_1_default, lemuel_round_altar,
          uniq_psyche, uniq_grum
D:9:      layout_loops_ring, minmay_lair_entry_grove
D:10:     layout_cave_pools, orc_0_dummy, hangedman_pestilent_swarm,
          minmay_fire_ice_demons
D:11:     layout_long_grid, basic_altar, special_room [special_room_orc]
D:12:     layout_basic, enter_bailey_2, basic_altar, gammafunk_ghost_necromancy,
          uniq_maurice
D:13:     layout_basic, ximxim_vaults_locker_room, basic_altar,
          minmay_gold_behind_fungi, uniq_jorgrun
D:14:     layout_irregular_city, chequers_garden, serial_ice, serial_ice_o,
          serial_ice_i, serial_ice_h, serial_ice_c,
          portal_ice_cave_entry_pillars_2, guppyfry_shop_blood
D:15:     grunt_enter_depths_snipers, layout_loops_corners,
          gammafunk_ghost_split
Lair:1:   layout_small_grid, minmay_lair_oklob_items, serial_bayou_pond_e,
          chequers_serial_rivers_room_a, grunt_megastairs_1, lemuel_fruit_fields
Lair:2:   layout_roguey, gauntlet_entry_generic, st_stairs_9, uniq_sonja,
          uniq_erica
Lair:3:   layout_loops_ring, nicolae_spider_entry_non_spiders,
          chequers_serial_rivers_micro_c
Lair:4:   wander_river, layout_cave_pods, swamp_mist_pool, beast_lair_carwin_6
Swamp:1:  layout_falls_marsh, evilmike_swamp_ruin_house_1,
          infiniplex_staircase_pool, uniq_kirke
Swamp:2:  layout_falls_marsh, gammafunk_ghost_split,
          evilmike_swamp_ruin_house_3, swamp_pool1
Swamp:3:  layout_basic_swamp, evilmike_swamp_ruin_house_2, swamp_pool1,
          uniq_louise
Swamp:4:  swamp_basic_johnstein, layout_basic_swamp, swamp_pool4
Spider:1: layout_chambers
Spider:2: layout_spider_delve, hive_lemuel
Spider:3: cheibrodos_spider_deadly_dance
Spider:4: spider_rune_water, nicolae_orb_stairs
Vaults:1: v_rooms_5, nicolae_vaults_little_squares_5,
          hangedman_vaults_stretched_pinwheel, nicolae_vaults_rhombus_6,
          v_misc_13, v_misc_27, nicolae_vaults_alarming, v_pattern_1,
          ontoclasm_vaults_gateway, vaults_mumra_minichess, vaults_mumra_hex,
          layout_vaults_big_room
Vaults:2: v_misc_25, v_misc_23, nicolae_vaults_network_periphery,
          nicolae_vaults_three_branches, hangedman_vaults_variations, v_misc_32,
          hangedman_vaults_trim, vaults_mumra_hexcomb, st_squares,
          ontoclasm_vaults_decontamination, layout_vaults_omnicross,
          serial_glass
Vaults:3: ebering_vaults_ghost_xom, st_greater_box_3, v_rooms_4,
          ontoclasm_vaults_misaligned, minmay_crypt_entry_necro_gods,
          v_pattern_5, nicolae_vaults_arrows, vaults_room_pools,
          layout_vaults_omnibox, basic_altar
Vaults:4: v_misc_33, v_misc_11, v_rooms_5, hangedman_vaults_locks,
          ontoclasm_vaults_twist, vaults_standard_mumra_lines, v_misc_17,
          hangedman_vaults_capsules, vaults_room_door_ring,
          layout_vaults_omnigrid, uniq_bai_suzhen
Vaults:5: uniq_saint_roka, uniq_mennas, uniq_boris

Skill      XL: |  1  2  3  4  5  6  7  8  9 10 11 12 13 14 15 16 17 |
---------------+----------------------------------------------------+-----
Fighting       | 3 4 5 6 7 8 9 10 11 12 13 | 13.9
Axes           | 3 4 5 6 8 9 11 13 14 16 17 18 | 18.0
Invocations    | 1 2 3 4 5 6 13 15 | 15.0
Armour         | 4 5 6 7 8 10 11 12 13 14 16 | 16.0
Shields        | 4 5 6 7 8 10 11 12 13 14 16 | 16.0

Action                   |  1- 3 |  4- 6 |  7- 9 | 10-12 | 13-15 | 16-18 || total
-------------------------+-------+-------+-------+-------+-------+-------++-------
Melee: War axe           |   126 |   145 |   376 |   868 |       |       ||  1515
       Broad axe         |       |       |       |    68 |  1397 |  1077 ||  2542
Invok: Lesser Servant of |       |       |       |     4 |     3 |     1 ||     8
       Greater Servant o |       |       |       |       |     3 |       ||     3
 Abil: Heal Wounds       |     2 |     9 |    14 |    22 |    10 |    20 ||    77
Evoke: Wand              |       |       |       |     4 |     6 |     1 ||    11
  Use: Scroll            |       |     1 |    13 |     8 |    15 |     9 ||    46
       Potion            |       |       |     1 |       |     5 |     3 ||     9
 Stab: Distracted        |       |       |       |       |     1 |       ||     1
       Paralysed         |       |       |       |       |     4 |       ||     4
       Confused          |       |       |       |       |     1 |     1 ||     2
  Eat: Chunk             |       |     3 |     3 |    13 |    16 |     9 ||    44
       Ration            |       |       |     1 |     1 |     3 |     2 ||     7
Armor: Scale mail        |    60 |    56 |    41 |       |       |       ||   157
       Plate armour      |       |       |   240 |   390 |  1142 |  1008 ||  2780
       Chain mail        |       |       |     3 |       |       |       ||     3
Dodge: Dodged            |    49 |    50 |    66 |   163 |   366 |   398 ||  1092
Block: Kite shield       |    78 |    86 |   238 |   536 |  1058 |   912 ||  2908

Table legend:
 A = Non-vault XP
 B = Vault XP
 C = Vault XP percentage of total XP
 D = Non-vault monster count
 E = Vault monster count
 F = Vault count percentage of total count
                 A         B        C        D         E       F
            +---------+---------+-------+---------+---------+-------
      Total |  184171 |  100508 |  35.3 |     697 |     325 |  31.8
            +---------+---------+-------+---------+---------+-------
        D:1 |      23 |       0 |   0.0 |      15 |       0 |   0.0
        D:2 |      18 |      14 |  43.8 |       7 |       1 |  12.5
        D:3 |       3 |       0 |   0.0 |       2 |       0 |   0.0
        D:4 |     326 |       0 |   0.0 |      21 |       0 |   0.0
        D:5 |     601 |      21 |   3.4 |      18 |       8 |  30.8
        D:6 |     704 |    1165 |  62.3 |      25 |       4 |  13.8
        D:7 |     493 |       0 |   0.0 |      15 |       0 |   0.0
        D:8 |    2238 |    1088 |  32.7 |      40 |       6 |  13.0
        D:9 |    2211 |    1852 |  45.6 |      38 |      12 |  24.0
       D:10 |    5446 |     661 |  10.8 |      34 |       6 |  15.0
       D:11 |    3211 |    1215 |  27.5 |      12 |      24 |  66.7
       D:12 |    9763 |     493 |   4.8 |      39 |       1 |   2.5
       D:13 |    8026 |    7768 |  49.2 |      28 |      13 |  31.7
       D:14 |    8433 |    1654 |  16.4 |      36 |      14 |  28.0
       D:15 |   14797 |    2383 |  13.9 |      40 |       3 |   7.0
     Lair:1 |     237 |       0 |   0.0 |       2 |       0 |   0.0
     Lair:2 |    2810 |    1861 |  39.8 |      13 |       3 |  18.8
     Lair:3 |   10887 |     329 |   2.9 |      35 |       8 |  18.6
     Lair:4 |    7004 |    1972 |  22.0 |      24 |       5 |  17.2
    Swamp:1 |    5650 |    2971 |  34.5 |      15 |       6 |  28.6
    Swamp:2 |    9528 |       0 |   0.0 |      16 |       0 |   0.0
    Swamp:3 |   11323 |    1629 |  12.6 |      35 |       1 |   2.8
    Swamp:4 |    9753 |   13215 |  57.5 |      24 |      20 |  45.5
   Spider:1 |    8638 |       0 |   0.0 |      26 |       0 |   0.0
   Spider:2 |    6930 |       0 |   0.0 |      21 |       0 |   0.0
   Spider:3 |    1939 |       0 |   0.0 |       7 |       0 |   0.0
   Spider:4 |   15296 |   29634 |  66.0 |      43 |      51 |  54.3
   Vaults:1 |   24679 |       0 |   0.0 |      47 |       0 |   0.0
   Vaults:2 |    3554 |    4810 |  57.5 |       5 |       7 |  58.3
   Vaults:3 |    2042 |    4589 |  69.2 |       4 |      10 |  71.4
   Vaults:4 |    7608 |    5748 |  43.0 |      10 |       2 |  16.7
   Vaults:5 |       0 |    1123 | 100.0 |       0 |       2 | 100.0
      Sewer |       0 |     115 | 100.0 |       0 |       6 | 100.0
     Bailey |       0 |    4589 | 100.0 |       0 |      69 | 100.0
      IceCv |       0 |    5587 | 100.0 |       0 |      28 | 100.0
   Gauntlet |       0 |    4022 | 100.0 |       0 |      15 | 100.0
            +---------+---------+-------+---------+---------+-------
